 Dungeon Crawl Stone Soup version 0.29.0-4-gdea44cf6ec (webtiles) character file.

Game seed: 14735497042439214837

121 qw the Chopper (level 5, -3/30 HPs)
             Began as a Tengu Warper on Aug 28, 2022.
             Slain by an orc
             ... wielding a +0 morningstar
              (5 damage)
             ... on level 3 of the Dungeon.
             The game lasted 00:00:13 (2368 turns).

qw the Chopper (Tengu Warper)                       Turns: 2368, Time: 00:00:14

Health: -3/30      AC:  3    Str: 14    XL:     5   Next: 5%
Magic:  9/9        EV: 18    Int: 13    God:
Gold:   35         SH:  5    Dex: 13    Spells: 8/8 levels left

rFire   . . .      SeeInvis .   Y - +1 hand axe (vorpal)
rCold   . . .      Faith    .   (no shield)
rNeg    . . .      Spirit   .   b - +0 leather armour
rPois   .          Reflect  +   (helmet restricted)
rElec   .          Harm     .   (no cloak)
rCorr   .          Rampage  .   (no gloves)
Will    .....                   (boots unavailable)
Stlth   +.........              f - amulet of reflection
HPRegen 0.10/turn               g - +4 ring of evasion
MPRegen 0.11/turn               (no ring)

@: flying quickly and evasively, quick
A: beak, talons 3, nimble flight
a: no special abilities


You were on level 3 of the Dungeon.
You visited 1 branch of the dungeon, and saw 3 of its levels.

You collected 35 gold pieces.


Innate Abilities, Weirdness & Mutations

You have a beak for a mouth.
You have claws for feet.
Your magical nature lets you fly swiftly and evasively.


   Skills:
 - Level 2.0 Fighting
 + Level 5.6 Axes
 - Level 1.0 Throwing
 - Level 1.1 Armour
 - Level 2.1 Dodging
 - Level 2.0 Spellcasting
 - Level 2.4 Translocations


You had 8 spell levels left.
You didn't know any spells.
Your spell library contained the following spells:

 Spells                   Type           Power      Damage    Failure   Level
 Blink                    Tloc           14%        N/A       19%         2
 Gell's Gravitas          Tloc           7%         N/A       34%         3
 Lesser Beckoning         Tloc           7%         N/A       34%         3
 Teleport Other           Tloc           7%         N/A       34%         3
 Manifold Assault         Tloc           7%         N/A       97%         5

Inventory:

Hand Weapons
 d - a +0 club
 Y - a +1 vorpal hand axe (weapon)
Armour
 b - a +0 leather armour (worn)
Jewellery
 f - an amulet of reflection (around neck)
 g - a +4 ring of evasion (left hand)
Scrolls
 c - a scroll of identify
Potions
 a - a potion of brilliance {unknown}
 h - a potion of resistance {unknown}

Dungeon Overview and Level Annotations

Branches:
Dungeon (3/15)

Altars:


Message History

The orc wizard is moderately wounded.
The orc wizard casts a spell at you. The magic dart hits you.
You hit the orc wizard. Your peck misses the orc wizard.
The orc wizard is almost dead.
You hit the orc but do no damage. The orc wizard barely misses you.
You hit the orc wizard but do no damage.
You peck the orc wizard.
The orc wizard is almost dead.
You hit the orc but do no damage. The orc wizard casts a spell at you.
The magic dart hits you. The orc hits you with a +0 dagger.
The orc wizard gestures wildly while chanting.
The orc wizard flickers and vanishes!
Deactivating autopickup; reactivate with Ctrl-A.
You hit the orc. You claw the orc, but do no damage.
The orc is heavily wounded.
You miss something. You block something's attack.
The orc hits you with a +0 dagger.
You hit the orc.
You kill the orc!
You closely miss the orc wizard. You barely miss something.
You hear some strange, mumbled words.
A puff of flame appears from out of thin air!
The puff of flame hits you!
You closely miss the orc wizard.
You claw the orc wizard, but do no damage.
You hit the orc. You hit something.
Reactivating autopickup.
You feel a bit more experienced.
The orc wizard hits you but does no damage.
The orc closely misses you.
You have reached level 5!
Your magical nature develops, letting you fly swiftly and evasively.
You closely miss the orc. You claw the orc, but do no damage. You peck the orc.
The orc is almost dead.
You hit the orc wizard. The orc hits you with a +0 morningstar.
You die...

#######. ##
######....... # #o
#......###### #. #o
#.###........ #.##)
##.....#####.. #...o
####..####.....<#
...##....>####.######
##.#o..........###...
#..o@.###########....
.......#).# #.....%##
.......##.....#....>...#
......#
#.....#...####### ###...
........# . .o##..
..<...#.# # #l8#.
#......... #.$#.
..#......# # ## ....#.#
.#


You could see an orc wizard, 2 orcs and a frilled lizard.

Vanquished Creatures
  An orc wizard (D:3)
  4 adders
  A worm (D:2)
  A dart slug (D:1)
  An orc (D:3)
  An endoplasm (D:1)
  2 giant cockroaches (D:2)
  10 goblins
  5 hobgoblins
  2 jackals (D:1)
  2 quokkas (D:1)
  4 ball pythons
  8 bats
  9 frilled lizards
  6 rats
57 creatures vanquished.

Notes
Turn   | Place    | Note
-------+----------+-------------------------------------------
     0 | D:1      | qw the Tengu Warper began the quest for the Orb.
     0 | D:1      | Reached XP level 1. HP: 12/12 MP: 4/4
     0 | D:1      | 0 ||| qw: Version: 0.1-a-89-g26bdef1
     0 | D:1      | 0 ||| qw: Game counter: 2120
     0 | D:1      | 0 ||| qw: Always use a shield: true
     0 | D:1      | 0 ||| qw: God list: Okawaru
     0 | D:1      | 0 ||| qw: Allow faded altars: false
     0 | D:1      | 0 ||| qw: Do Orc after D:15 true
     0 | D:1      | 0 ||| qw: Do second Lair branch before Depths: true
     0 | D:1      | 0 ||| qw: Lair rune preference: random
     0 | D:1      | 0 ||| qw: Plans: Normal
     0 | D:1      | 0 ||| PLANNING D:1-11
   156 | D:1      | 156 ||| Stepping ~*~*~tactically~*~*~ (hiding).
   257 | D:1      | Reached XP level 2. HP: 17/17 MP: 6/6
   277 | D:1      | Reached skill level 3 in Axes
   653 | D:1      | Reached XP level 3. HP: 19/21 MP: 7/7
   950 | D:1      | Reached skill level 4 in Axes
  1357 | D:1      | 1357 ||| UPGRADING to +4 ring of evasion.
  1358 | D:1      | 1358 ||| READING 3 scrolls labelled KYOM WOOGEPPERCH.
  1359 | D:1      | 1359 ||| READING 3 scrolls labelled LOAGITS HIOGEA.
  1360 | D:1      | 1360 ||| DROPPING 2 scrolls of vulnerability.
  1361 | D:1      | 1361 ||| DROPPING scroll of blinking.
  1362 | D:1      | 1362 ||| DROPPING 2 scrolls of poison.
  1363 | D:1      | 1363 ||| Stepping randomly (stuck).
  1364 | D:1      | 1364 ||| Stepping ~*~*~tactically~*~*~ (cloud).
  1368 | D:1      | HP: 5/21 [poisoned by you (poison gas)]
  1371 | D:1      | HP: 2/21 [poisoned by you (poison gas)]
  1685 | D:2      | 1685 ||| Stepping ~*~*~tactically~*~*~ (stealth).
  1804 | D:2      | 1804 ||| SWAPPING to +1 vorpal hand axe.
  1805 | D:2      | 1805 ||| DROPPING +0 hand axe.
  1810 | D:2      | Reached XP level 4. HP: 26/26 MP: 8/8
  1997 | D:2      | 1997 ||| UPGRADING to amulet of reflection.
  2002 | D:2      | 2002 ||| READING scroll labelled QUS JONUIT ILE.
  2003 | D:2      | 2003 ||| READING scroll labelled QAD RIESULU.
  2145 | D:2      | 2145 ||| READING scroll labelled ELYDOH NICE.
  2146 | D:2      | 2146 ||| READING scroll labelled YTRUCR RUOLI.
  2147 | D:2      | 2147 ||| READING scroll labelled YPLENENT YPHUI.
  2158 | D:3      | 2158 ||| PLANNING SEWER
  2178 | D:3      | Reached skill level 5 in Axes
  2179 | D:3      | 2179 ||| Stepping ~*~*~tactically~*~*~ (stealth).
  2180 | D:3      | 2180 ||| Stepping ~*~*~tactically~*~*~ (stealth).
  2250 | D:3      | 2250 ||| FLEEEEING.
  2254 | D:3      | 2254 ||| Stepping ~*~*~tactically~*~*~ (stealth).
  2356 | D:3      | 2356 ||| Stepping ~*~*~tactically~*~*~ (stealth).
  2366 | D:3      | HP: 1/26 [something/puff of flame (10)]
  2368 | D:3      | Gained mutation: Your magical nature lets you fly swiftly
                  | and evasively. [Tengu growth]
  2368 | D:3      | Reached XP level 5. HP: 2/30 MP: 9/9
  2368 | D:3      | Slain by an orc

Levels and vault maps discovered:
D:1:      minmay_arrival_arboretum_large, layout_basic
D:2:      layout_rooms
D:3:      layout_rooms, gammafunk_ghost_arena, cheibrodos_sewer_entry_bend

Skill      XL: |  1  2  3  4 |
---------------+-------------+-----
Axes           | 3 4 5 |  5.6
Fighting       | |  2.0
Throwing       | |  1.0
Armour         | |  1.1
Dodging        | |  2.1
Spellcasting   | |  2.0
Translocations | |  2.4

Action                   |  1- 3 |  4- 6 || total
-------------------------+-------+-------++-------
Melee: Hand axe          |    88 |    36 ||   124
       Kick              |    13 |    10 ||    23
       Peck              |     9 |     5 ||    14
Throw: Boomerang         |    36 |     1 ||    37
  Use: Scroll            |     2 |     5 ||     7
Armor: Leather armour    |    25 |     3 ||    28
Dodge: Dodged            |    69 |    17 ||    86
Block: Other             |       |     3 ||     3

Table legend:
 A = Non-vault XP
 B = Vault XP
 C = Vault XP percentage of total XP
 D = Non-vault monster count
 E = Vault monster count
 F = Vault count percentage of total count
                 A         B        C        D         E       F
            +---------+---------+-------+---------+---------+-------
      Total |     174 |       0 |   0.0 |      57 |       0 |   0.0
            +---------+---------+-------+---------+---------+-------
        D:1 |      51 |       0 |   0.0 |      33 |       0 |   0.0
        D:2 |      48 |       0 |   0.0 |      14 |       0 |   0.0
        D:3 |      75 |       0 |   0.0 |      10 |       0 |   0.0
            +---------+---------+-------+---------+---------+-------
